 Dungeon Crawl Stone Soup version 0.31.0-12-g77e489cdc1 (webtiles) character file.

Game seed: 11407802322739369200

2053 Gadfly the Covert (level 9, 0/44 HPs)
             Began as a Spriggan Enchanter on Feb 19, 2024.
             Slain by a gnoll bouda
             ... wielding a +0 club
              (7 damage)
             ... on level 7 of the Dungeon.
             The game lasted 00:13:06 (6940 turns).

Gadfly the Covert (Spriggan Enchanter)              Turns: 6940, Time: 00:13:07

Health: 0/44       AC:  3    Str:  4    XL:     9   Next: 4%
Magic:  3/18       EV: 21    Int: 24    God:
Gold:   350        SH:  0    Dex: 18    Spells: 7/19 levels left

rFire   . . .        a - +4 dagger (holy)
rCold   . . .        (no shield)
rNeg    . . .        d - +1 robe
rPois   .            y - +0 hat
rElec   .            (no cloak)
rCorr   .            (gloves unavailable)
SInv    +            (boots unavailable)
Will    +....        (no amulet)
Stlth   ++++         f - +6 ring of intelligence
HPRegen 0.27/turn    (no ring)
MPRegen 0.16/turn

%: no passive effects
@: weakened, very quick
A: very small, no large weapons, unfitting armour, see invisible, speed 3
a: no special abilities


You were on level 7 of the Dungeon.
You visited 1 branch of the dungeon, and saw 7 of its levels.
You also visited: Ossuary.

You collected 350 gold pieces.

Inventory:

Hand Weapons
 a - a +4 dagger of holy wrath (weapon)
 b - the +1 rapier of Qazlal's Favour {heavy, Str+4 SInv}
   (You found it in an ossuary)

   Str+4:     It affects your strength (+4).
   SInv:      It lets you see invisible.
 g - a +1 dagger
 h - the +9 hand axe of the Hated {freeze, rElec Int+5}
   (You found it on level 4 of the Dungeon)

   Int+5:     It affects your intelligence (+5).
   rElec:     It insulates you from electricity.
 q - a +0 dagger of venom
Armour
 d - a +1 robe (worn)
 y - a +0 hat (worn)
Jewellery
 f - a +6 ring of intelligence (left hand)
 A - a ring of fire
Wands
 u - a wand of digging (8)
Scrolls
 e - a scroll of enchant armour
 m - 3 scrolls of torment
 p - 2 scrolls of vulnerability
 r - 3 scrolls of teleportation
 s - a scroll of poison
 t - a scroll of fear
Potions
 c - 4 potions of invisibility
 i - 2 potions of might
 j - a potion of haste
 k - 5 potions of curing
 l - 2 potions of heal wounds
 n - 2 potions of lignification
 o - 3 potions of attraction
 v - 2 potions of mutation {unknown}
 x - a potion of berserk rage {unknown}
 z - a potion of cancellation {unknown}


   Skills:
 + Level 3.6 Fighting
 + Level 5.0 Short Blades
 + Level 6.3 Dodging
 + Level 8.2 Stealth
 + Level 5.8 Spellcasting
 + Level 6.4 Hexes
 + Level 5.5 Evocations


You had 7 spell levels left.
You knew the following spells:

 Your Spells              Type           Power      Damage    Failure   Level
a - Ensorcelled Hibernat  Hex/Ice        44%        N/A       3%          2
b - Confusing Touch       Hex            37%        N/A       1%          3
c - Blink                 Tloc           14%        N/A       12%         2
d - Summon Mana Viper     Hex/Summ       22%        N/A       52%         5

Your spell library contained the following spells:

 Spells                   Type           Power      Damage    Failure   Level
 Tukima's Dance           Hex            37%        N/A       1%          3
 Dazzling Flash           Conj/Hex       44%        N/A       6%          3
 Apportation              Tloc           14%        N/A       9%          1
 Necrotise                Necr           28%        1d5       9%          1
 Sting                    Conj/Alch      28%        1d4       9%          1
 Summon Small Mammal      Summ           28%        N/A       9%          1
 Lesser Beckoning         Tloc           14%        N/A       12%         2
 Momentum Strike          Conj/Tloc      14%        3d8       12%         2
 Animate Dead             Necr           7%         N/A       63%         4
 Borgnjor's Vile Clutch   Necr/Erth      3%         N/A       92%         5
 Summon Forest            Summ/Tloc      3%         N/A       92%         5
 Death Channel            Necr           3%         N/A       100%        6
 Summon Cactus Giant      Summ           3%         N/A       100%        6


Dungeon Overview and Level Annotations

Branches:
Dungeon (7/15)            Ossuary (visited)
 Temple: D:4-7

Altars:
Hepliaklqana
Makhleb
Ru
Wu Jian
The Shining One


Innate Abilities, Weirdness & Mutations

You are very small and have problems with some larger weapons.
You are too small for most types of armour.
You have supernaturally acute eyesight. (SInv)
You cover ground extremely quickly. (Speed+++)


Message History

* * * LOW HITPOINT WARNING * * *
You hit the gnoll.
The gnoll is almost dead.
The gnoll completely misses you. The gnoll bouda misses you.
You completely miss the gnoll.
The gnoll is almost dead.
The gnoll misses you.
Unknown command.
You closely miss the gnoll.
The gnoll is almost dead.
The gnoll bouda misses you. The gnoll barely misses you.
You hit the gnoll.
You kill the gnoll!
The gnoll bouda hits you with a +0 club.
* * * LOW HITPOINT WARNING * * *
You hit the gnoll bouda.
The gnoll bouda is lightly wounded.
The gnoll bouda closely misses you.
You hit the gnoll bouda but do no damage.
Your punch misses the gnoll bouda.
The gnoll bouda is lightly wounded.
You closely miss the gnoll bouda.
The gnoll bouda is lightly wounded.
The gnoll bouda gazes fiercely through you!
You feel your attacks grow feeble. The gnoll bouda closely misses you.
You hit the gnoll bouda.
The gnoll bouda is lightly wounded.
The gnoll bouda gazes fiercely through you!
You feel as though you will be weak longer.
The gnoll bouda completely misses you.
You hit the gnoll bouda but do no damage.
The gnoll bouda is lightly wounded.
The gnoll bouda misses you.
You closely miss the gnoll bouda.
The gnoll bouda is lightly wounded.
You hit the gnoll bouda. Your punch misses the gnoll bouda.
The gnoll bouda is moderately wounded.
The gnoll bouda hits you with a +0 club!
You die...

######### #.......#
#####.......#
###...........####
#.'...........'..#
#.#...........##.####
#.#...........##....#
#.#....)......##<.#.#
#.#.....@)....###.#.#
#.#....g......# #)#.#
#.#.....?.....# #.#.#
#.#....######## #.#.#
#.#....# #.#.#
#.###### #.#.# #.#
#.#.# #.# #.#.# #.#
#.#.#


You could see a gnoll bouda.

Vanquished Creatures
  Sigmund (D:3)
  A wyvern (D:5)
  Menkaure (D:4)
  An ice beast (D:6)
  2 sky beasts
  A black bear (D:6)
  A phantom (D:4)
  An elf zombie (Ossuary)
  A scorpion (D:6)
  3 hounds
  A human zombie (Ossuary)
  A jelly (D:5)
  5 bombardier beetles
  An orc priest (D:5)
  4 iguanas (D:5)
  A sleepcap (D:6)
  Natasha (thrice) (D:3)
  4 orc wizards
  A hound zombie (Ossuary)
  5 mummies
  Robin (D:2)
  9 gnolls
  8 adders
  2 white imps
  2 ufetubi (D:6)
  An adder zombie (Ossuary)
  3 dart slugs
  6 ribbon worms
  11 orcs
  8 ball pythons
  9 endoplasms
  4 giant cockroaches
  15 goblins
  7 hobgoblins
  4 quokkas
  6 bats
  7 frilled lizards
  A goblin zombie (Ossuary)
  A jackal zombie (Ossuary)
  7 kobolds
  3 kobold zombies (Ossuary)
  4 orc zombies
  7 rats
  A rat zombie (Ossuary)
166 creatures vanquished.

Notes
Turn   | Place    | Note
-------+----------+-------------------------------------------
     0 | D:1      | Gadfly the Spriggan Enchanter began the quest for the Orb.
     0 | D:1      | Reached XP level 1. HP: 9/9 MP: 5/5
    95 | D:1      | Reached XP level 2. HP: 11/13 MP: 6/6
    98 | D:1      | Learned a level 2 spell: Ensorcelled Hibernation
   637 | D:1      | Reached skill level 1 in Evocations
   637 | D:1      | Reached XP level 3. HP: 17/17 MP: 8/8
   645 | D:1      | Learned a level 3 spell: Confusing Touch
   653 | D:1      | Learned a level 2 spell: Blink
  1469 | D:2      | Reached XP level 4. HP: 19/21 MP: 9/9
  1503 | D:2      | Reached skill level 1 in Fighting
  2147 | D:2      | Reached skill level 5 in Stealth
  2353 | D:3      | Reached XP level 5. HP: 25/25 MP: 11/11
  2365 | D:3      | Noticed Sigmund
  2369 | D:3      | Killed Sigmund
  2370 | D:3      | Reached XP level 6. HP: 30/30 MP: 12/12
  2394 | D:3      | Noticed Robin
  2401 | D:3      | Noticed Natasha
  2523 | D:2      | Killed Robin
  2597 | D:3      | Killed Natasha
  2635 | D:3      | Noticed Natasha
  2833 | D:3      | Found an ornate altar of the Wu Jian Council.
  2953 | D:3      | Found a burning altar of Makhleb.
  2953 | D:3      | Found a sacrificial altar of Ru.
  3196 | D:3      | Killed Natasha
  3421 | D:3      | Noticed Natasha
  3436 | D:3      | Killed Natasha
  3678 | D:4      | Found a sand-covered staircase.
  3686 | Ossuary  | Entered an ossuary
  3695 | Ossuary  | Reached skill level 6 in Stealth
  3717 | Ossuary  | Reached XP level 7. HP: 22/35 MP: 14/14
  3797 | Ossuary  | Identified the +1 rapier of Qazlal's Favour {heavy, Str+4
                  | SInv}
  4222 | D:4      | Identified the +9 hand axe of the Hated {freeze, rElec
                  | Int+5}
  4284 | D:4      | Reached skill level 5 in Hexes
  4574 | D:4      | Noticed Menkaure
  4577 | D:4      | Killed Menkaure
  4578 | D:4      | Reached skill level 5 in Dodging
  4960 | D:5      | Entered Level 5 of the Dungeon
  5492 | D:5      | Reached XP level 8. HP: 39/39 MP: 12/16
  5496 | D:5      | Reached skill level 7 in Stealth
  5579 | D:5      | Reached skill level 5 in Spellcasting
  6052 | D:5      | Found a hazy altar of Hepliaklqana.
  6062 | D:5      | Learned a level 5 spell: Summon Mana Viper
  6205 | D:6      | Reached skill level 5 in Evocations
  6323 | D:6      | Reached skill level 8 in Stealth
  6423 | D:6      | Found a glowing golden altar of the Shining One.
  6818 | D:7      | Reached skill level 5 in Short Blades
  6912 | D:7      | Reached XP level 9. HP: 30/44 MP: 13/18
  6940 | D:7      | Slain by a gnoll bouda

Illustrated notes

Levels and vault maps discovered:
D:1:      saegor_arrival_simple_d, layout_basic
D:2:      layout_basic, minmay_tetromino_i4
D:3:      layout_loops_ring, mainiacjoe_overflow_divided_tiny,
          mainiacjoe_overflow_chevrons, uniq_sigmund, uniq_natasha, uniq_robin
D:4:      layout_basic, mainiacjoe_overflow_alcove_2,
          nicolae_ossuary_entry_giza, minmay_bent, uniq_menkaure
D:5:      minmay_bubble_buster, layout_basic, kennysheep_little_box
D:6:      layout_rooms, old_standard_altar
D:7:      layout_basic, lemuel_tele_altar, mainiacjoe_overflow_cross_hatched,
          temple_fountains, enter_bailey_5, minmay_misc_feat_cross

Skill      XL: |  1  2  3  4  5  6  7  8 |
---------------+-------------------------+-----
Dodging        | 3 4 5 6 |  6.3
Spellcasting   | 3 4 5 |  5.8
Evocations     | 1 2 3 4 5 |  5.5
Short Blades   | 2 3 5 |  5.0
Hexes          | 4 5 6 |  6.4
Fighting       | 1 2 3 |  3.6
Stealth        | 5 6 8 |  8.2

Action                     |  1- 3 |  4- 6 |  7- 9 || total
---------------------------+-------+-------+-------++-------
  Melee: Dagger            |    93 |   125 |   181 ||   399
         Punch             |     2 |     1 |     3 ||     6
         Rapier            |       |       |     2 ||     2
   Cast: Ensorcelled Hiber |    22 |    32 |    64 ||   118
         Confusing Touch   |       |       |     7 ||     7
    Use: Potion            |     4 |     2 |     3 ||     9
         Scroll            |     1 |     3 |     5 ||     9
   Stab: Sleeping          |    22 |    26 |    51 ||    99
         Confused          |       |       |     5 ||     5
 Armour: Robe              |    33 |    57 |    60 ||   150
  Dodge: Dodged            |    87 |   125 |   179 ||   391
